 Dungeon Crawl Stone Soup version 0.22-a0-265-g0d8bc90 (webtiles) character file.

401666 Amnesiac the Tortoise (level 22, 0/173 HPs)
             Began as a Gnoll Wizard on Mar 7, 2018.
             Was the Champion of Ashenzari.
             Slain by a yellow draconian
             ... wielding a +0 glaive
              (4 damage)
             ... on level 3 of the Realm of Zot.
             The game lasted 03:01:51 (52196 turns).

Amnesiac the Tortoise (Gnoll Wizard)               Turns: 52196, Time: 03:01:52

Health: 0/173      AC: 22    Str: 12    XL:     22   Next: 97%
Magic:  0/38       EV: 18    Int: 28    God:    Ashenzari [******]
Gold:   2976       SH: 22    Dex: 13    Spells: 2/54 levels left

rFire    + + +     SeeInvis +   b - staff of earth
rCold    + + .     Gourm    .   X - +2 shield of Resistance {rF+ rC+ MR+} (curse)
rNeg     + . .     Faith    .   e - +2 robe {rC+ rF+}
rPois    +         Spirit   +   H - +2 hat of the Bear Spirit {Spirit, +Rage rN+ MR++} (curse)
rElec    +         Reflect  +   p - +2 cloak {MR+}
rCorr    .         Harm     .   R - +2 pair of gloves {Dex+3} (curse)
MR       +++++     Clarity  +   A - +0 pair of boots
Stlth    ++++++....             G - +6 amulet of reflection
HPRegen  0.38/turn              S - ring "Omij" {rElec rPois AC+5} (curse)
MPRegen  0.26/turn              x - ring of wizardry (curse)

@: constricted, studying 4 skills
A: distributed training, fangs 1, clumsy 2, fire resistance 1, low mp 1, magic
resistance 1, sense surroundings 1, screaming 1, MP-powered wands, strong nose
}: 3/15 runes: decaying, silver, gossamer
a: Curse Item, Scrying, Renounce Religion, Evoke Berserk Rage


You were on level 3 of the Realm of Zot.
You worshipped Ashenzari.
Ashenzari was exalted by your worship.
You were not hungry.

You visited 10 branches of the dungeon, and saw 46 of its levels.
You visited the Abyss 1 time.
You visited 1 bazaar.
You also visited: Labyrinth, Trove, Ice Cave, Volcano and Desolation.

You collected 5160 gold pieces.
You spent 2184 gold pieces at shops.

Inventory:

Hand Weapons
 a - a +3 demon trident of electrocution
 Y - a +6 blowgun
Missiles
 q - 4 needles of paralysis
 N - 4 needles of frenzy
 T - a throwing net (quivered)
Armour
 e - a +2 robe of resistance (worn)
 p - a +2 cloak of magic resistance (worn)
 s - a scarf of repulsion
 A - a +0 pair of boots (worn)
 H - the cursed +2 hat of the Bear Spirit (worn) {Spirit, +Rage rN+ MR++}
   (You found it on level 1 of the Swamp)

   It protects you from negative energy.
   It affects your resistance to hostile enchantments.
   It lets you go berserk.
   It has a curse placed upon it.
 R - a cursed +2 pair of gloves of dexterity (worn)
 X - the cursed +2 shield of Resistance (worn) {rF+ rC+ MR+}
   (You took it off a deep elf death mage on level 3 of the Elven Halls)

   It protects you from fire.
   It protects you from cold.
   It affects your resistance to hostile enchantments.
   It has a curse placed upon it.
Magical Staves
 b - an uncursed staff of earth (weapon)
 J - an uncursed staff of energy
Jewellery
 x - a cursed ring of wizardry (right hand)
 z - an uncursed ring of flight
 G - a +6 amulet of reflection (around neck)
 S - the cursed ring "Omij" (left hand) {rElec rPois AC+5}
   (You found it in a treasure trove)

   [ring of protection]

   It affects your AC (+5).
   It insulates you from electricity.
   It protects you from poison.
   It has a curse placed upon it.
Wands
 g - a wand of enslavement (16)
 j - a wand of paralysis (47)
 o - a wand of scattershot (5)
 w - a wand of acid (12)
 D - a wand of clouds (14)
Scrolls
 c - 4 scrolls of teleportation {!r}
 f - 15 scrolls of identify {!r}
 k - 4 scrolls of enchant armour {!r}
 l - a scroll of fog {!r}
 m - 2 scrolls of summoning {!r}
 r - 4 scrolls of vulnerability {!r}
 t - a scroll of torment {!r}
 y - 5 scrolls of amnesia {!r}
 F - a scroll of enchant weapon {!r}
 L - 6 scrolls of remove curse {!r}
 M - 5 scrolls of magic mapping {!r}
 O - a scroll of fear {!r}
 V - a scroll of brand weapon {!r}
Potions
 i - 4 potions of might {!q}
 v - 6 potions of brilliance {!q}
 C - a potion of mutation {!q}
 K - 2 potions of flight {!q}
 W - 3 potions of agility {!q}
Books
 h - a manual of Spellcasting
 B - a manual of Axes
 P - a manual of
Armour
 Q - a manual of Bows
Miscellaneous
 I - a crystal ball of energy
 U - a box of beasts
Comestibles
 d - 24 rations
 n - 8 chunks of flesh


   Skills:
 + Level 14.6 Fighting
 + Level 14.6 Short Blades
 + Level 14.6 Long Blades
 + Level 17.0 Axes
 + Level 14.6 Maces & Flails
 + Level 14.6 Polearms
 + Level 14.6 Staves
 + Level 14.6 Slings
 + Level 17.0 Bows
 + Level 14.6 Crossbows
 + Level 14.6 Throwing
 + Level 19.1 Armour
 + Level 15.2 Dodging
 + Level 15.1 Stealth
 + Level 14.6(17.2) Shields
 + Level 14.6 Unarmed Combat
 + Level 16.5 Spellcasting
 + Level 12.8(15.4) Conjurations
 + Level 12.6(15.2) Hexes
 + Level 12.6(15.2) Charms
 + Level 12.8(15.4) Summonings
 + Level 12.6(15.2) Necromancy
 + Level 12.8(15.4) Translocations
 + Level 12.6(15.2) Transmutations
 + Level 12.6(15.2) Fire Magic
 + Level 12.6(15.2) Ice Magic
 + Level 12.6(15.2) Air Magic
 + Level 12.6(15.2) Earth Magic
 + Level 12.6(15.2) Poison Magic
 + Level 15.8 Invocations
 + Level 14.6(17.2) Evocations


You had 2 spell levels left.
You knew the following spells:

 Your Spells              Type           Power        Failure   Level  Hunger
a - Iron Shot             Conj/Erth      ########..   1%          6    ###....
b - Spectral Weapon       Hex/Chrm       #######.     0%          3    None
c - Mephitic Cloud        Conj/Pois/Air  #######.     0%          3    None
d - Bolt of Magma         Conj/Fire/Erth ########..   1%          5    None
e - Borgnjor's Vile Clut  Necr/Erth      ########..   1%          5    None
f - Passwall              Tmut/Erth      ########..   0%          2    None
g - Orb of Destruction    Conj           #######...   1%          7    #####..
h - Summon Butterflies    Summ           #######.     0%          1    None
i - Apportation           Tloc           ######       0%          1    None
j - Deflect Missiles      Chrm/Air       #######...   1%          6    ###....
r - Regeneration          Chrm/Necr      #######...   0%          3    None
v - Blink                 Tloc           N/A          0%          2    None
w - Lee's Rapid Deconstr  Erth           ########..   1%          5    None
z - Ozocubu's Armour      Chrm/Ice       #######.     0%          3    None


Dungeon Overview and Level Annotations

Branches:
Dungeon (15/15)            Temple (1/1) D:6            Lair (4/6) D:10
  Swamp (4/4) Lair:3       Spider (4/4) Lair:4          Orc (2/2) D:9
    Elf (3/3) Orc:2        Vaults (5/5) D:14          Crypt (0/3) Vaults:3
 Depths (5/5) D:15            Zot (3/5) Depths:5

Altars:
Ashenzari
Cheibriados
Dithmenos
Elyvilon
Fedhas
Gozag
Kikubaaqudgha
Makhleb
Nemelex Xobeh
Okawaru
Qazlal
Ru
Trog
Uskayaw
Vehumet
Wu Jian
Xom
Yredelemnul
Zin
The Shining One
Beogh

Shops:
D:4 *%   D:7 :   D:9 (   Orc:1 (}!(%   Orc:2 *(=:[   Elf:1 ==}

Annotations:
Vaults:4 exclusion: door
Vaults:5 Mara


Innate Abilities, Weirdness & Mutations

Your experience applies equally to all skills.
You have very sharp teeth.
Your uncanny sense of smell can sniff out nearby items.
You are very clumsy. (Dex -4)
Your flesh is heat resistant. (rF+)
Your magical capacity is low. (-10% MP)
You are resistant to hostile enchantments. (MR+)
You passively map a small area around you.
You occasionally shout uncontrollably at your foes.
You expend magic power (3 MP) to strengthen your wands.


Message History

The tentacled monstrosity misses you.
The tentacled monstrosity tentacle-slaps you but does no damage.
The tentacled monstrosity tentacle-slaps you.
* * * LOW HITPOINT WARNING * * *
x2 The tentacled monstrosity constricts you!
You block the red draconian monk's attack.
The red draconian monk kicks you but does no damage.
You block the red draconian monk's attack.
The purple draconian hits you but does no damage.
The white draconian monk hits you.
* * * LOW HITPOINT WARNING * * *
You block the white draconian monk's attack.
The white draconian monk barely misses you.
You hit the red draconian monk but do no damage.
You crush the red draconian monk!
The red draconian monk is moderately wounded.
The zombie hands constrict the purple draconian!
The zombie hands constrict the red draconian monk.
The zombie hands constrict the white draconian monk!
The zombie hands constrict the green draconian.
The zombie hands constrict the tentacled monstrosity!
Your spectral weapon crushes the red draconian monk!
You block the purple draconian's attack.
The tentacled monstrosity tentacle-slaps you but does no damage.
You block the tentacled monstrosity's attack. x2
* * * LOW HITPOINT WARNING * * *
The tentacled monstrosity constricts you!
The red draconian monk closely misses you.
The red draconian monk kicks you but does no damage.
The red draconian monk tail-slaps you but does no damage.
You hit the red draconian monk. You crush the red draconian monk!
The red draconian monk is heavily wounded.
The zombie hands constrict the purple draconian!
The zombie hands constrict the red draconian monk!
The zombie hands constrict the white draconian monk!
The zombie hands constrict the green draconian!
The zombie hands constrict the tentacled monstrosity!
The green draconian completely misses you.
You block the green draconian's attack. The white draconian monk hits you!
* * * LOW HITPOINT WARNING * * *
You block the white draconian monk's attack.
The white draconian monk tail-slaps you!
* * * LOW HITPOINT WARNING * * *
The tentacled monstrosity's grasp on you weakens, but your attempt to escape fails.
The zombie hands constrict the purple draconian!!
The zombie hands constrict the red draconian monk!
The zombie hands constrict the white draconian monk!!
The zombie hands constrict the green draconian!!
The zombie hands constrict the tentacled monstrosity!!
The zombie hands release their grip on the white draconian monk.
You block the purple draconian's attack.
The tentacled monstrosity tentacle-slaps you but does no damage.
You block the tentacled monstrosity's attack. x2
* * * LOW HITPOINT WARNING * * *
The tentacled monstrosity constricts you!
The red draconian monk breathes flames at your spectral weapon.
The searing blast hits your spectral weapon.
Your spectral weapon resists.
Your spectral weapon shares its damage with you!
* * * LOW HITPOINT WARNING * * *
You block the white draconian monk's attack. x2
The white draconian monk tail-slaps you but does no damage.
The yellow draconian hits you from afar with a glaive.
You die...

, , ,,, ,* , ,,, * ,
(.......d..##.., ,, *
* ,................ ,,
*,,,
,...............#{ ,
,* ..............# ,,
, * ,,,
*##...........# *,
,,,,, ,,,
#......qd...# . ,,* *
, , #.....dqd..###
*..,, ,
*...§..X@q....##... ,
, , ,, **
...##...(........., ,
,*
*,,,*###..<........,,,
, *, * ** ,,*
#...........#*,,, *,
,* ,,,* #..§###....##
*,,,, * ,* * #...#
*...# *, , ,,, #...#
.## * ,** #...# ,,# *
,,, * ,, * #...#** ,*
,,


You could see a tentacled monstrosity, 2 draconians, a yellow draconian, 2
draconians, a purple draconian, a red draconian scorcher and a friendly spectral
staff of earth.

Vanquished Creatures
  An orb of fire (Zot:1)
  Margery (Vaults:2)
  Saint Roka (Elf:2)
  Xtahua (Vaults:5)
  2 golden dragons
  Nikola (Elf:1)
  An Ice Fiend (IceCv)
  4 tentacled monstrosities
  5 deep elf blademasters
  3 deep elf master archers (Elf:3)
  3 titans
  A quicksilver dragon (Zot:3)
  Frances (Spider:1)
  Agnes (Elf:1)
  A death cob (Zot:1)
  3 tentacled starspawn (Abyss:2)
  Roxanne (Elf:1)
  A thorn hunter (Swamp:4)
  3 storm dragons
  2 tengu reavers
  5 shadow dragons
  A revenant (Vaults:3)
  5 fire giants
  An iron dragon (Vaults:5)
  An emperor scorpion (Spider:4)
  3 ghost moths (Spider:4)
  7 deep elf sorcerers
  3 imperial myrmidons (Desolation)
  A draconian scorcher (Depths:5)
  3 frost giants
  The ghost of Duffy the Warrior, a journeyman DEFE of Vehumet (D:15)
  2 deep elf elementalists (Elf:3)
  Louise (Elf:1)
  12 vault wardens
  2 orc warlords
  A cacodemon (Abyss:2)
  7 ironheart preservers
  A vampire knight (Vaults:3)
  A draconian annihilator (Zot:1)
  2 draconian shifters
  10 stone giants
  6 entropy weavers
  6 deep elf demonologists
  4 black draconians
  A minotaur (Lab)
  A green draconian (Zot:1)
  3 spark wasps (Spider:4)
  The ghost of Karim the Covert, a journeyman GnEn of Cheibriados (Spider:1)
  2 halazid warlocks (Desolation)
  A white draconian (Zot:3)
  10 deep elf annihilators
  An eidolon (Vaults:3)
  A purple draconian (Depths:5)
  10 ettins
  4 deep elf death magi
  2 crystal guardians
  9 yaktaur captains
  7 ragged hierophants (Desolation)
  3 ogre magi
  6 deep elf high priests
  10 hydras
  8 fire dragons
  8 servants of whispers (Desolation)
  2 great orbs of eyes
  3 ice dragons
  26 vault guards
  A rakshasa (D:14)
  6 peacekeepers (Desolation)
  5 deep troll shamans
  4 alligators
  3 centaur warriors
  16 two-headed ogres
  A tengu warrior (D:14)
  24 dancing weapons
  2 deep troll earth magi
  2 orc high priests (Orc:2)
  A spriggan berserker (Depths:5)
  A thrashing horror (Abyss:2)
  Urug (Orc:2)
  14 deep elf knights
  3 fire crabs (Swamp:4)
  An iron troll (Depths:5)
  4 unseen horrors
  A sixfirhy (Abyss:2)
  A death drake (shapeshifter) (D:14)
  A ghost moth zombie (Abyss:2)
  A skeletal warrior (D:8)
  An orange crystal statue (D:14)
  9 deep trolls
  8 swamp dragons
  A shambling mangrove (Swamp:3)
  2 lindwurms (Volcano)
  12 ironbrand convokers
  9 deep elf archers
  A wolf spider zombie (D:14)
  7 orc knights
  2 phantasmal warriors
  11 orb spiders
  10 ugly things
  8 cyclopes
  3 manticores
  53 deep elf magi
  15 wolf spiders
  A worldbinder (Abyss:2)
  A wolf spider (shapeshifter) (Vaults:5)
  3 orc sorcerers
  4 vault sentinels
  4 moths of wrath
  5 guardian serpents
  9 centaur zombies
  6 ice statues
  3 large abominations (Abyss:2)
  5 molten gargoyles (Volcano)
  A black mamba (Lair:2)
  An orange demon (Abyss:2)
  8 spiny frogs
  A gargoyle (D:11)
  A smoke demon (Abyss:2)
  2 torpor snails
  A kobold demonologist (D:15)
  5 freezing wraiths
  25 yaktaurs
  5 demonic crawlers
  2 efreet
  A minotaur zombie (Lab)
  A komodo dragon (shapeshifter) (D:14)
  5 komodo dragons
  A tengu conjurer (D:8)
  11 ice devils (IceCv)
  2 ancient zymes (Abyss:2)
  An anaconda simulacrum (IceCv)
  25 jumping spiders
  9 trolls
  A meliai (shapeshifter) (Vaults:1)
  A polar bear (shapeshifter) (D:13)
  Prince Ribbit (Lair:1)
  8 hornets
  65 saltlings (Desolation)
  3 tyrant leeches
  4 blink frogs (Lair:1)
  6 hippogriffs
  6 slime creatures
  5 dream sheep (Lair:4)
  5 bog bodies
  23 tarantellas
  2 shadows
  57 redbacks
  2 fire bats (Abyss:2)
  A spriggan (D:8)
  5 water elementals
  2 wraiths
  An air elemental (Elf:1)
  18 yaks
  A tarantella (shapeshifter) (Depths:5)
  3 wyverns
  A dire elephant simulacrum (IceCv)
  A basilisk (shapeshifter) (Vaults:3)
  Grum (Lair:1)
  2 small abominations (Abyss:2)
  3 fire elementals
  4 hungry ghosts
  2 harpy simulacra (IceCv)
  17 vampire mosquitoes
  9 wargs
  A soldier ant (D:15)
  14 insubstantial wisps
  An acid dragon (D:15)
  6 swamp worms
  2 iron troll simulacra (IceCv)
  3 water moccasins
  4 hydra simulacra (IceCv)
  2 hornet zombies
  A black bear (shapeshifter) (Elf:2)
  2 black bears
  45 orc warriors
  14 ogres
  8 ice beasts
  2 sky beasts (D:7)
  13 swamp drakes
  5 boggarts (Depths:2)
  3 phantoms
  5 necrophages
  10 wolves
  7 centaurs
  4 crocodiles
  A crocodile (shapeshifter) (D:14)
  A big kobold (shapeshifter) (Elf:2)
  4 big kobolds
  A gnoll sergeant (D:8)
  20 bullfrogs
  A wyvern zombie (D:13)
  2 earth elementals
  4 scorpions
  4 wights
  7 killer bees
  2 howler monkeys
  3 electric eels
  7 crimson imps
  2 bullfrog zombies
  A quasit (Abyss:2)
  7 hounds
  A lava snake (Swamp:4)
  7 jellies
  18 orc priests
  6 centaur skeletons
  4 bullfrog skeletons
  4 iguanas
  29 orc wizards
  9 worker ants
  A killer bee zombie (D:8)
  2 hound zombies (D:8)
  A hound skeleton (D:9)
  A howler monkey zombie (D:7)
  A worker ant zombie (D:8)
  16 adders
  13 gnolls
  7 shadow imps
  2 white imps (Abyss:2)
  An ooze (D:1)
  An adder zombie (D:8)
  A worm (D:2)
  8 dart slugs
  9 leopard geckos
  99 orcs
  3 ball pythons
  9 bats
  6 giant cockroaches
  10 goblins
  14 hobgoblins
  12 jackals
  2 quokkas
  6 frilled lizards
  17 kobolds
  A quokka skeleton (D:9)
  A quokka zombie (D:8)
  11 rats
  2 briar patches (Swamp:4)
1450 creatures vanquished.

Vanquished Creatures (collateral kills)
  A titan (Vaults:5)
  2 stone giants
  An entropy weaver (Spider:1)
  A vault guard (Vaults:5)
  A troll (Orc:2)
  4 redbacks (Spider:1)
  A fire elemental (Orc:2)
  A water moccasin (D:5)
  2 orc warriors
  2 ogres
  The ghost of Nico3ck the Covered, an amateur DsFi (D:3)
  A centaur (D:5)
  A killer bee (D:4)
  A crimson imp (D:5)
  An orc wizard (D:7)
  An adder (D:5)
  2 orcs
24 creatures vanquished.

Vanquished Creatures (others)
  A slime creature (Swamp:3)
  3 yaktaur captains
  A centaur warrior (Depths:3)
  A shadow wraith (Vaults:3)
  2 deep elf archers (Vaults:4)
  A swamp dragon (Swamp:4)
  17 yaktaurs
  4 redbacks (Spider:1)
  2 steam dragons (Swamp:4)
  A warg (Vaults:4)
  2 swamp drakes (Swamp:4)
  A small abomination (Abyss:2)
  An orc warrior (Vaults:4)
  A centaur (Depths:3)
  A worker ant (D:14)
  2 orcs (Vaults:5)
  A briar patch (Swamp:4)
  4 fungi (Elf:2)
  5 pillars of salt (Vaults:3)
  50 spectral weapons
  6 starspawn tentacles (Abyss:2)
107 creatures vanquished.

Grand Total: 1581 creatures vanquished

Notes
Turn   | Place    | Note
-------+----------+-------------------------------------------
     0 | D:1      | Amnesiac the Gnoll Wizard began the quest for the Orb.
     0 | D:1      | Reached XP level 1. HP: 13/13 MP: 8/8
    64 | D:1      | Reached XP level 2. HP: 19/19 MP: 6/10
   116 | D:1      | Learned a level 2 spell: Blink
   119 | D:1      | Learned a level 2 spell: Call Imp
   122 | D:1      | Learned a level 2 spell: Slow
   317 | D:1      | Reached XP level 3. HP: 25/25 MP: 3/11
   562 | D:2      | Reached skill level 1 in Invocations
   643 | D:2      | Found a shadowy altar of Dithmenos.
   712 | D:2      | Reached skill level 1 in Fighting
   712 | D:2      | Reached skill level 1 in Short Blades
   712 | D:2      | Reached skill level 1 in Long Blades
   712 | D:2      | Reached skill level 1 in Axes
   712 | D:2      | Reached skill level 1 in Maces & Flails
   712 | D:2      | Reached skill level 1 in Polearms
   712 | D:2      | Reached skill level 1 in Staves
   712 | D:2      | Reached skill level 1 in Slings
   712 | D:2      | Reached skill level 1 in Bows
   712 | D:2      | Reached skill level 1 in Crossbows
   712 | D:2      | Reached skill level 1 in Throwing
   712 | D:2      | Reached skill level 1 in Armour
   712 | D:2      | Reached skill level 1 in Shields
   712 | D:2      | Reached skill level 1 in Unarmed Combat
   712 | D:2      | Reached skill level 1 in Evocations
   789 | D:2      | Reached XP level 4. HP: 24/32 MP: 3/13
   991 | D:2      | Learned a level 3 spell: Conjure Flame
   995 | D:2      | Learned a level 3 spell: Mephitic Cloud
  1289 | D:3      | Reached skill level 1 in Hexes
  1289 | D:3      | Reached skill level 1 in Charms
  1289 | D:3      | Reached skill level 1 in Necromancy
  1289 | D:3      | Reached skill level 1 in Transmutations
  1289 | D:3      | Reached skill level 1 in Fire Magic
  1289 | D:3      | Reached skill level 1 in Ice Magic
  1289 | D:3      | Reached skill level 1 in Air Magic
  1289 | D:3      | Reached skill level 1 in Earth Magic
  1289 | D:3      | Reached skill level 1 in Poison Magic
  1473 | D:3      | Noticed Nico3ck's ghost (amateur DsFi)
  1584 | D:3      | Killed Nico3ck's ghost
  1584 | D:3      | Reached XP level 5. HP: 32/37 MP: 1/14
  1874 | D:4      | Found Empozxuw's Food Shop.
  1992 | D:4      | Noticed an ogre
  2011 | D:4      | Killed an ogre
  2011 | D:4      | Reached XP level 6. HP: 22/44 MP: 12/16
  2126 | D:4      | Reached skill level 2 in Armour
  2126 | D:4      | Reached skill level 5 in Dodging
  2312 | D:4      | Found Jayfiyxoh's Assorted Antiques.
  2330 | D:4      | Reached XP level 7. HP: 42/50 MP: 12/18
  2359 | D:4      | Bought a scroll labeled YTEHAF IHUEZU for 17 gold pieces
  2359 | D:4      | Bought a glowing orange potion for 15 gold pieces
  2359 | D:4      | Bought 2 sedimented golden potions for 30 gold pieces
  2359 | D:4      | Bought an inky potion for 15 gold pieces
  2370 | D:4      | Found a white marble altar of Elyvilon.
  2412 | D:4      | Found a stormy altar of Qazlal.
  2847 | D:4      | Found an ancient bone altar of Kikubaaqudgha.
  3036 | D:5      | Entered Level 5 of the Dungeon
  3136 | D:5      | Reached skill level 5 in Stealth
  3153 | D:5      | Noticed a moth of wrath
  3215 | D:5      | Found a bloodstained altar of Trog.
  3331 | D:5      | Reached XP level 8. HP: 51/57 MP: 14/19
  3448 | D:5      | Reached skill level 3 in Armour
  3463 | D:5      | Found a sacrificial altar of Ru.
  4228 | D:6      | Noticed a hippogriff
  4235 | D:6      | Killed a hippogriff
  4422 | D:6      | Found a staircase to the Ecumenical Temple.
  4467 | Temple   | Entered the Ecumenical Temple
  4471 | Temple   | Became a worshipper of Ashenzari the Shackled
  5661 | D:3      | Found a faded altar of an unknown god.
  6092 | D:6      | Found an opulent altar of Gozag.
  6303 | D:6      | Found a glowing silver altar of Zin.
  6422 | D:7      | Reached XP level 9. HP: 65/65 MP: 10/21
  6611 | D:7      | Reached skill level 4 in Armour
  7101 | D:7      | Reached * piety under Ashenzari
  7405 | D:7      | Found Giuck's Book Shop.
  7651 | D:8      | Identified a paperback manual
  7690 | D:8      | Noticed a tengu conjurer
  7983 | D:8      | Reached skill level 5 in Invocations
  8062 | D:8      | Learned a level 3 spell: Regeneration
  8066 | D:8      | Learned a level 3 spell: Vampiric Draining
  8130 | D:8      | Noticed a skeletal warrior
  8173 | D:8      | Killed a skeletal warrior
  8173 | D:8      | Reached XP level 10. HP: 22/73 MP: 3/22
  8568 | D:8      | Reached skill level 5 in Fighting
  8568 | D:8      | Reached skill level 5 in Short Blades
  8568 | D:8      | Reached skill level 5 in Long Blades
  8568 | D:8      | Reached skill level 5 in Axes
  8568 | D:8      | Reached skill level 5 in Maces & Flails
  8568 | D:8      | Reached skill level 5 in Polearms
  8568 | D:8      | Reached skill level 5 in Staves
  8568 | D:8      | Reached skill level 5 in Slings
  8568 | D:8      | Reached skill level 5 in Bows
  8568 | D:8      | Reached skill level 5 in Crossbows
  8568 | D:8      | Reached skill level 5 in Throwing
  8568 | D:8      | Reached skill level 5 in Armour
  8568 | D:8      | Reached skill level 5 in Shields
  8568 | D:8      | Reached skill level 5 in Unarmed Combat
  8568 | D:8      | Reached skill level 5 in Evocations
  8894 | D:8      | Noticed a two-headed ogre
  8912 | D:8      | Killed a two-headed ogre
  9026 | D:8      | Found an iron altar of Okawaru.
  9052 | D:8      | Killed an unseen horror
  9052 | D:8      | Reached skill level 5 in Conjurations
  9052 | D:8      | Reached skill level 5 in Summonings
  9052 | D:8      | Reached skill level 5 in Translocations
  9268 | D:8      | Found an ornate altar of the Wu Jian Council.
  9498 | D:8      | Identified the cursed ring of Hospitality {Int-3 Stlth+}
  9623 | D:9      | Found a hide-covered altar of Uskayaw.
  9805 | D:9      | Reached XP level 11. HP: 81/81 MP: 15/24
  9879 | D:9      | Reached ** piety under Ashenzari
  9885 | D:9      | Reached skill level 6 in Armour
 10091 | D:9      | Found a staircase to the Orcish Mines.
 10092 | D:9      | Found Buext's Weapon Shoppe.
 10470 | D:9      | Reached skill level 5 in Hexes
 10470 | D:9      | Reached skill level 5 in Charms
 10470 | D:9      | Reached skill level 5 in Necromancy
 10470 | D:9      | Reached skill level 5 in Transmutations
 10470 | D:9      | Reached skill level 5 in Fire Magic
 10470 | D:9      | Reached skill level 5 in Ice Magic
 10470 | D:9      | Reached skill level 5 in Air Magic
 10470 | D:9      | Reached skill level 5 in Earth Magic
 10470 | D:9      | Reached skill level 5 in Poison Magic
 10717 | D:9      | Found a burning altar of Makhleb.
 10717 | D:9      | Noticed a green death
 10977 | Orc:1    | Entered Level 1 of the Orcish Mines
 11054 | Orc:1    | Found Fosyv's Distillery.
 11063 | Orc:1    | Bought a potion of heal wounds for 60 gold pieces
 11063 | Orc:1    | Bought a potion of brilliance for 48 gold pieces
 11063 | Orc:1    | Bought a potion of berserk rage for 60 gold pieces
 11063 | Orc:1    | Bought a potion of might for 48 gold pieces
 11105 | Orc:2    | Entered Level 2 of the Orcish Mines
 11121 | Orc:2    | Noticed an orc knight
 11129 | Orc:2    | Noticed an orc sorcerer
 11150 | Orc:1    | Killed an orc knight
 11185 | Orc:1    | Killed an orc sorcerer
 11185 | Orc:1    | Reached skill level 7 in Armour
 11399 | Orc:2    | Learned a level 5 spell: Bolt of Magma
 11470 | Orc:2    | Found Hasmeser's Jewellery Boutique.
 11815 | Orc:2    | Noticed a stone giant
 11873 | Orc:2    | Killed a stone giant
 11975 | Orc:2    | Noticed an orc high priest
 11993 | Orc:2    | Noticed an orc knight
 12077 | Orc:2    | Noticed an orc sorcerer
 12419 | Orc:2    | Killed an orc high priest
 12419 | Orc:2    | Reached XP level 12. HP: 88/89 MP: 3/25
 12556 | Orc:2    | Paralysed by an orc sorcerer for 3 turns
 12593 | Orc:2    | Noticed Urug
 12608 | Orc:2    | Noticed an orc warlord
 12732 | D:9      | Killed an orc warlord
 12732 | D:9      | Reached skill level 8 in Armour
 12732 | D:9      | Reached skill level 10 in Spellcasting
 12965 | Orc:2    | Killed Urug
 13420 | Orc:2    | Found a roughly hewn altar of Beogh.
 13781 | Orc:2    | Found Xidgh's General Store.
 13930 | Orc:2    | Found Ciomn's Book Emporium.
 13934 | Orc:2    | Found Wianweil's Antique Weapon Emporium.
 13950 | Orc:2    | Found Asiep's Antique Armour Emporium.
 14487 | Orc:2    | Found a staircase to the Elven Halls.
 14778 | Orc:1    | Noticed an orc high priest
 14779 | Orc:1    | Noticed a sun demon
 14947 | Orc:1    | Found Ysinavy's Food Boutique.
 14947 | Orc:1    | Found Toocacs's Antique Weapon Boutique.
 15505 | Orc:1    | Noticed a sun demon
 15513 | Orc:2    | Killed an orc high priest
 15691 | Orc:1    | Reached *** piety under Ashenzari
 15743 | Orc:1    | Found Ruwy Ah Xekk's Gadget Shop.
 15900 | Orc:1    | Found Enuimuh's Weapon Boutique.
 16029 | Orc:2    | Bought a runed robe for 111 gold pieces
 16056 | Orc:2    | Bought a blackened quick blade for 420 gold pieces
 16056 | Orc:2    | Identified the cursed +0 quick blade of Equilibrium {flame, MP+9} (You bought it in a shop on level 2 of the Orcish Mines)
 16081 | Elf:1    | Entered Level 1 of the Elven Halls
 16089 | Orc:2    | Reached skill level 9 in Armour
 16181 | Orc:2    | Learned a level 6 spell: Iron Shot
 16388 | Elf:1    | Noticed Agnes
 16394 | Elf:1    | Noticed Roxanne
 16857 | Elf:1    | Noticed Louise
 16887 | Elf:1    | Killed Louise
 16887 | Elf:1    | Reached XP level 13. HP: 98/98 MP: 1/27
 17386 | D:10     | Entered Level 10 of the Dungeon
 17696 | D:10     | Found a staircase to the Lair.
 18711 | D:11     | Reached skill level 10 in Armour
 19433 | D:12     | Found a portal to a secret trove of treasure.
 20784 | D:12     | Reached **** piety under Ashenzari
 21697 | D:13     | Reached XP level 14. HP: 106/106 MP: 11/29
 22873 | D:14     | Gained mutation: Your flesh is heat resistant. (rF+) [potion of mutation]
 22873 | D:14     | Gained mutation: You passively map a small area around you. [potion of mutation]
 22873 | D:14     | Gained mutation: You are resistant to hostile enchantments. (MR+) [potion of mutation]
 23071 | D:14     | Reached skill level 11 in Armour
 23105 | D:13     | Reached skill level 10 in Dodging
 23339 | D:14     | Found a gate to the Vaults.
 23910 | D:14     | Reached skill level 10 in Stealth
 24815 | D:14     | Learned a level 7 spell: Orb of Destruction
 24972 | D:15     | Entered Level 15 of the Dungeon
 24975 | D:15     | Noticed Duffy's ghost (journeyman DEFE)
 24980 | D:15     | Killed Duffy's ghost
 24980 | D:15     | Reached skill level 10 in Invocations
 25290 | D:15     | Found a flickering gateway to a bazaar.
 25296 | Bazaar   | Entered a bazaar
 25297 | Bazaar   | Found Hod Asot's General Store.
 25297 | Bazaar   | Found Vepov's Assorted Antiques.
 25298 | Bazaar   | Found Gidghe's General Store.
 25323 | Bazaar   | Reached ***** piety under Ashenzari
 25329 | Bazaar   | Found Ymal's Antique Weapon Boutique.
 26786 | D:15     | Found a white marble altar of Elyvilon.
 26948 | D:15     | Found a staircase to the Depths.
 27322 | D:4      | Bought the +6 arbalest "Damnation" {damnation} for 1360 gold pieces
 27322 | D:4      | Found the +6 arbalest "Damnation" {damnation}
 27535 | D:12     | You paid a toll of the arbalest "Damnation" to enter a treasure trove
 27536 | Trove    | Entered a treasure trove
 27539 | Trove    | Identified the amulet "Ukocol" {RegenMP Str-2 Int+6}
 27540 | Trove    | Identified the cursed ring of the Immovable Deaths {rN+ AC+3 Str+4}
 27541 | Trove    | Identified the cursed ring "Babb" {rC+ Str+3 Int+4 Stlth-}
 27541 | Trove    | Identified the cursed ring of Meuth {rElec Str+2 Dex-3}
 27541 | Trove    | Identified the cursed ring "Omij" {rElec rPois AC+5}
 27541 | Trove    | Identified the cursed ring "Jucrydgheac" {rF+ MR+ MP-9 Str+4}
 27541 | Trove    | Identified the ring of the Ban {Ice Str+3 Int+5}
 27842 | Elf:1    | Reached XP level 15. HP: 113/113 MP: 30/30
 27892 | Elf:1    | Noticed Nikola
 27905 | Elf:1    | Killed Nikola
 27905 | Elf:1    | Reached skill level 12 in Armour
 28006 | Elf:1    | Found Xihol's Jewellery Boutique.
 28010 | Elf:1    | Found Hyups's Gadget Shoppe.
 28011 | Elf:1    | Found Yruloj Ixup's Jewellery Boutique.
 28430 | Elf:1    | Identified the Papyrus of Battle Magic
 28445 | Elf:1    | Killed Agnes
 28659 | Elf:1    | Killed Roxanne
 29073 | Elf:2    | Reached skill level 10 in Fighting
 29073 | Elf:2    | Reached skill level 10 in Short Blades
 29073 | Elf:2    | Reached skill level 10 in Long Blades
 29073 | Elf:2    | Reached skill level 10 in Axes
 29073 | Elf:2    | Reached skill level 10 in Maces & Flails
 29073 | Elf:2    | Reached skill level 10 in Polearms
 29073 | Elf:2    | Reached skill level 10 in Staves
 29073 | Elf:2    | Reached skill level 10 in Slings
 29073 | Elf:2    | Reached skill level 10 in Bows
 29073 | Elf:2    | Reached skill level 10 in Crossbows
 29073 | Elf:2    | Reached skill level 10 in Throwing
 29073 | Elf:2    | Reached skill level 10 in Shields
 29073 | Elf:2    | Reached skill level 10 in Unarmed Combat
 29073 | Elf:2    | Reached skill level 10 in Evocations
 29946 | Elf:2    | Found a huge runed gate.
 29948 | Elf:2    | Found a huge runed gate.
 29948 | Elf:2    | Found a huge runed gate.
 29949 | Elf:2    | Found a huge runed gate.
 29949 | Elf:2    | Found a huge runed gate.
 30096 | Elf:2    | Reached skill level 13 in Armour
 30205 | Elf:2    | Reached XP level 16. HP: 121/121 MP: 22/32
 30220 | Elf:2    | Noticed Saint Roka
 30418 | Elf:2    | Noticed a deep elf blademaster
 30436 | Elf:2    | Killed a deep elf blademaster
 30950 | Elf:2    | Killed Saint Roka
 31390 | Elf:3    | Entered Level 3 of the Elven Halls
 32138 | Elf:3    | Noticed a deep elf blademaster
 32145 | Elf:3    | Killed a deep elf blademaster
 32256 | Elf:3    | Noticed a deep elf master archer
 32258 | Elf:3    | Killed a deep elf master archer
 32271 | Elf:3    | Noticed a deep elf master archer
 32380 | Elf:3    | Killed a deep elf master archer
 32433 | Elf:3    | Noticed a deep elf blademaster
 32434 | Elf:3    | Noticed a deep elf blademaster
 32436 | Elf:3    | Killed a deep elf blademaster
 32441 | Elf:3    | Killed a deep elf blademaster
 32441 | Elf:3    | Reached skill level 14 in Armour
 32457 | Elf:3    | Reached XP level 17. HP: 114/130 MP: 2/33
 32519 | Elf:3    | Got the glaive "Ywkujyl" {venom, *Corrode +Fly Str+8 SInv}
 32533 | Elf:3    | Cast into level 2 of the Abyss (a deep elf sorcerer)
 32648 | Abyss:2  | Noticed a tentacled starspawn
 32649 | Abyss:2  | Killed a tentacled starspawn
 33054 | Abyss:2  | Noticed a tentacled starspawn
 33056 | Abyss:2  | Killed a tentacled starspawn
 33059 | Abyss:2  | Noticed a tentacled starspawn
 33067 | Abyss:2  | Killed a tentacled starspawn
 33167 | Elf:3    | Escaped the Abyss
 33437 | Elf:3    | Got the short sword of Calamity {drain, rF+ Str+2}
 33442 | Elf:3    | Identified the +6 short sword of Calamity {drain, rF+ Str+2} (You took it off a deep elf death mage on level 3 of the Elven Halls)
 33653 | Elf:3    | Noticed a deep elf blademaster
 33660 | Elf:3    | Killed a deep elf blademaster
 33660 | Elf:3    | Reached skill level 10 in Conjurations
 33660 | Elf:3    | Reached skill level 10 in Summonings
 33660 | Elf:3    | Reached skill level 10 in Translocations
 33734 | Elf:3    | Noticed a deep elf master archer
 33758 | Elf:3    | Killed a deep elf master archer
 34322 | Elf:3    | Got the uncursed scale mail of Apathy {Str+4 Int+3}
 34378 | Elf:3    | Identified the +5 scale mail of Apathy {Str+4 Int+3} (You found it on level 3 of the Elven Halls)
 34406 | Elf:3    | Learned a level 1 spell: Summon Butterflies
 34416 | Elf:3    | Learned a level 3 spell: Spectral Weapon
 34422 | Elf:3    | Learned a level 5 spell: Borgnjor's Vile Clutch
 34620 | Lair:1   | Entered Level 1 of the Lair of Beasts
 34720 | Lair:1   | Got the cursed broad axe of the Aged Lives {flame, Str+2}
 34722 | Lair:1   | Identified the cursed +3 broad axe of the Aged Lives {flame, Str+2} (You found it on level 1 of the Lair of Beasts)
 34806 | Lair:1   | Noticed Prince Ribbit
 34812 | Lair:1   | Killed Prince Ribbit
 34939 | Lair:1   | Noticed Grum
 34963 | Lair:1   | Killed Grum
 35025 | Lair:1   | Learned a level 2 spell: Passwall
 36036 | Lair:2   | Reached ****** piety under Ashenzari
 36227 | Lair:2   | Reached skill level 10 in Hexes
 36227 | Lair:2   | Reached skill level 10 in Charms
 36227 | Lair:2   | Reached skill level 10 in Necromancy
 36227 | Lair:2   | Reached skill level 10 in Transmutations
 36227 | Lair:2   | Reached skill level 10 in Fire Magic
 36227 | Lair:2   | Reached skill level 10 in Ice Magic
 36227 | Lair:2   | Reached skill level 10 in Air Magic
 36227 | Lair:2   | Reached skill level 10 in Earth Magic
 36227 | Lair:2   | Reached skill level 10 in Poison Magic
 37015 | Lair:3   | Found a staircase to the Swamp.
 37029 | Swamp:1  | Entered Level 1 of the Swamp
 37175 | Swamp:1  | Reached skill level 15 in Armour
 37365 | Swamp:1  | Reached XP level 18. HP: 138/138 MP: 31/35
 37416 | Swamp:1  | Found the +2 hat of the Bear Spirit {Spirit, +Rage rN+ MR++}
 38064 | Swamp:4  | Entered Level 4 of the Swamp
 38143 | Swamp:4  | Learned a level 1 spell: Apportation
 38326 | Swamp:4  | Identified the ring "Efaaw" {Ice +Fly rElec Str-4 Slay+6}
 38692 | Swamp:3  | Paralysed by a hornet for 2 turns
 38800 | Lair:4   | Found a hole to the Spider Nest.
 38844 | Lair:4   | Found a dark tunnel.
 38846 | Volcano  | Entered a volcano
 39005 | Lair:4   | Found a labyrinth entrance.
 39014 | Lab      | Entered a labyrinth
 39075 | Lab      | Learned a level 5 spell: Lee's Rapid Deconstruction
 39223 | Lab      | Identified the Collected Works on Clay and the Voyage
 39312 | Spider:1 | Entered Level 1 of the Spider Nest
 39354 | Spider:1 | Noticed Frances
 39510 | Spider:1 | Noticed Karim's ghost (journeyman GnEn)
 39512 | Spider:1 | Killed Frances
 39518 | Spider:1 | Killed Karim's ghost
 39775 | Spider:4 | Entered Level 4 of the Spider Nest
 39816 | Spider:4 | Found a frozen archway.
 39968 | IceCv    | Entered an ice cave
 40245 | IceCv    | Noticed an Ice Fiend
 40481 | IceCv    | Killed an Ice Fiend
 40481 | IceCv    | Reached XP level 19. HP: 49/147 MP: 1/36
 40748 | IceCv    | Got the uncursed scale mail of the Lonely Wars {rPois rCorr}
 40925 | IceCv    | Identified the +2 scale mail of the Lonely Wars {rPois rCorr} (You found it in an ice cave)
 41045 | Spider:4 | Reached skill level 16 in Armour
 41657 | Spider:4 | Got a gossamer rune of Zot
 42094 | Vaults:1 | Entered Level 1 of the Vaults
 42229 | Vaults:3 | Found a ruined gateway.
 42244 | Desolati | Entered the Desolation of Salt
 42361 | Desolati | Identified the Volume of Translocation and the Glacier
 42364 | Desolati | Got the uncursed robe "Ecwaogul" {rC+ MR+}
 42368 | Desolati | Identified Sif Muna's Papyrus of Illusion
 43068 | Desolati | Identified the Reference Book on Toxic Creation
 43073 | Desolati | Got the uncursed plate armour "Wibiderr" {+Fly Stlth+}
 43084 | Desolati | Identified the +5 plate armour "Wibiderr" {+Fly Stlth+} (You found it in the Desolation of Salt)
 43151 | Desolati | Reached XP level 20. HP: 155/155 MP: 31/38
 43357 | Desolati | Got the uncursed plate armour of Kindness {Int+4}
 43368 | Desolati | Identified Offokhle's Guide on Feathers and Cold
 43374 | Desolati | Learned a level 3 spell: Ozocubu's Armour
 43387 | Desolati | Identified the Volume of Execration and Darkness
 43960 | Vaults:5 | Entered Level 5 of the Vaults
 44005 | Vaults:5 | Reached skill level 17 in Armour
 44286 | Vaults:5 | Noticed Xtahua
 44382 | Vaults:5 | Killed Xtahua
 44914 | Vaults:5 | Noticed a golden dragon
 44918 | Vaults:5 | Noticed a golden dragon
 45007 | Vaults:5 | Reached skill level 15 in Axes
 45007 | Vaults:5 | Reached skill level 15 in Bows
 45314 | Vaults:5 | Identified the Guide on Malediction and Summoning
 45341 | Vaults:5 | Noticed a golden dragon
 45419 | Vaults:5 | Noticed Mara
 45909 | Vaults:4 | Reached XP level 21. HP: 163/163 MP: 37/39
 46111 | Vaults:4 | Reached skill level 15 in Spellcasting
 46159 | Vaults:4 | Got the uncursed leather armour "Deiwop" {rN+++ MR- Dex+4 SInv}
 46355 | Vaults:4 | Killed a golden dragon
 46771 | Vaults:4 | HP: 5/164 [tengu reaver/bolt of poison (7)]
 46783 | Vaults:4 | HP: 7/164 [battlesphere[a tengu reaver] (11)]
 47109 | Vaults:4 | Reached skill level 18 in Armour
 47114 | Vaults:4 | Identified the ring "Hero's Friend" {rN+ Str+4} (You took it off a vault guard on level 4 of the Vaults)
 47349 | Vaults:4 | Reached skill level 15 in Invocations
 47546 | Vaults:5 | Got the cursed falchion "Heub" {protect, +Inv}
 47560 | Vaults:5 | Identified the Volume of Captivating Fire
 47884 | Vaults:5 | Got the uncursed plate armour of Polytheism {Dex+2}
 47979 | Vaults:5 | Got a silver rune of Zot
 48409 | Vaults:3 | Found a staircase to the Crypt.
 48523 | Vaults:3 | Reached XP level 22. HP: 166/172 MP: 34/41
 49055 | Vaults:2 | Noticed Margery
 49073 | Vaults:2 | Killed Margery
 49546 | Depths:1 | Entered Level 1 of the Depths
 49639 | Depths:5 | Entered Level 5 of the Depths
 49750 | Depths:5 | Learned a level 6 spell: Deflect Missiles
 49764 | Depths:5 | Found a gate to the Realm of Zot.
 49764 | Depths:5 | Noticed a golden dragon
 49785 | Depths:5 | Killed a golden dragon
 49785 | Depths:5 | Reached skill level 15 in Dodging
 50844 | Swamp:4  | Got a decaying rune of Zot
 51269 | Depths:2 | Reached skill level 15 in Stealth
 51390 | Zot:1    | Entered Level 1 of the Realm of Zot
 51543 | Zot:1    | Noticed an orb of fire
 51558 | Zot:1    | Gained mutation: You expend magic power (3 MP) to strengthen your wands. [an orb of fire]
 51579 | Zot:1    | Gained mutation: You occasionally shout uncontrollably at your foes. [an orb of fire]
 51586 | Zot:1    | Gained mutation: Your magical capacity is low. (-10% MP) [an orb of fire]
 51588 | Zot:1    | Gained mutation: You are clumsy. (Dex -2) [an orb of fire]
 51594 | Zot:1    | Reached skill level 19 in Armour
 51600 | Zot:1    | Gained mutation: You are very clumsy. (Dex -4) [an orb of fire]
 51610 | Zot:1    | Killed an orb of fire
 52196 | Zot:3    | HP: 4/173 [red draconian monk (9)]
 52196 | Zot:3    | Slain by a yellow draconian

Vault maps used:
D:1:      mrwooster_arrival_statue_2, serial_forest,
          infiniplex_forest_straight_2, infiniplex_forest_lined_4_way,
          infiniplex_forest_lined_room_2, infiniplex_forest_straight_1,
          minmay_quantized
D:2:      marbit_many_paths, minmay_pentomino_o2
D:3:      chequers_ecumenical_altar_simple
D:4:      kiku_gazebo_garden_becter, grunt_qazlal_clouds, first_ration,
          serial_shops, nicolae_shop_crystal, nicolae_shop_statue_plus,
          kennysheep_cluttered_room, elyvilon_altar_5
D:5:      nicolae_ru_great_annihilating_truth, tgw_trog, serial_glass,
          glass_columns_a, glass_columns_c, st_stairs_5, minivault_24,
          grunt_decor_one_mirror
D:6:      zin_scriptorium, grunt_gozag_breadcrumbs,
          minmay_temple_entry_statues_fountains
D:7:      serial_shops, nicolae_shop_stone, amethyst_killhole,
          roderic_serpentine_path, nicolae_benzene_ring, minivault_4
D:8:      minmay_the_grid_octo_tiled_squarecenter, kennysheep_mini_moat,
          grunt_pizzeria, okawaru_trees_2
D:9:      lemuel_crystal_altar, makhleb_altar_promises_db, orc_david_3,
          grunt_decor_arrowhead
D:10:     erik_lair_dragon, serial_undead, serial_undead_f, serial_undead_c,
          serial_undead_d, serial_undead_b, hangedman_abyss_or_decor_stabs
D:12:     nicolae_trove_entry_crystal
D:13:     serial_co_window_serial, co_window_paths_a, co_window_corner_a,
          co_window_paths_a, co_window_corner_a, co_window_paths_a,
          co_window_corner_b, co_window_of_opportunity_b,
          co_window_of_opportunity_b, co_window_corner_b, co_window_2corner,
          co_window_cross_3, co_window_paths_c, co_window_paths_e,
          glass_columns_a, glass_columns_c
D:14:     david_vaults_5, minivault_16, nrook_guardian_serpent_double
D:15:     grunt_enter_depths_hoard, serial_shops, bzr_entry_safe,
          minmay_ruined_shrine
Temple:   nicolae_temple_x_marks_the_god
Lair:1:   dragon1_lemuel, uniq_grum, uniq_prince_ribbit2
Lair:3:   swamp_mist_pool, beast_lair_carwin_1
Lair:4:   nicolae_spider_entry_tight_spaces, lab_entry_generic,
          nicolae_volcano_entry_two_sided, uniq_kirke
Swamp:1:  evilmike_swamp_ruin_house_2, swamp_pool3
Swamp:2:  evilmike_swamp_ruin_house_5
Swamp:3:  evilmike_swamp_ruin_rubble_1, swamp_pool1, uniq_bai_suzhen
Swamp:4:  swamp_fiery
Spider:1: spider_trap, uniq_frances
Spider:2: uniq_aizul, uniq_azrael, uniq_arachne, uniq_asterion
Spider:4: spider_rune_water, portal_ice_cave_entry_ice_statue_two
Orc:1:    serial_shops, shop, shop, shop, shop, shop_statue
Orc:2:    grunt_orc_cross, serial_shops, nicolae_shop_behind_doors
Elf:1:    minmay_elf_annihilation, minivault_23, minmay_shop_grove, uniq_nikola,
          uniq_agnes, uniq_louise, uniq_roxanne
Elf:2:    nicolae_elf_big_sculpture_1, uniq_saint_roka
Elf:3:    minmay_elf_hall_furrowed
Vaults:1: hangedman_vaults_hat, v_misc_2, vaults_dpeg_hooks,
          grunt_vaults_trifunnel, v_misc_12, v_rooms_2, v_alt_pattern_4,
          hangedman_vaults_capsules, vaults_mumra_lcd, nicolae_vaults_little_ls
Vaults:2: v_misc_27, ontoclasm_vaults_twist, ontoclasm_vaults_misaligned,
          hangedman_vaults_stretched_pinwheel, nicolae_vaults_network_star,
          v_misc_8, ontoclasm_vaults_chip, v_misc_32,
          nicolae_vaults_little_squares_1, v_rooms_3,
          ontoclasm_vaults_claustrophobia, v_rooms_5, serial_shops, shop,
          uniq_margery
Vaults:3: v_misc_11, vaults_room_hallway, vaults_mumra_hexcomb,
          nicolae_vaults_little_squares_1, vaults_standard_mumra_lines,
          minmay_crypt_entry_simple_box, v_misc_4, grunt_vaults_diagonal,
          vaults_dpeg_encased_lava, portal_desolation_entry_garden
Vaults:4: nicolae_vaults_big_ls, hangedman_vaults_stagger, v_rooms_1,
          vaults_standard_mumra_x, v_misc_3, vaults_mumra_chevron,
          nicolae_vaults_asterisk
Vaults:5: uniq_xtahua, uniq_mara
Depths:1: kennysheep_flooded_box, grunt_hell_horde,
          hangedman_abyss_or_decor_slice, hangedman_aviary, minmay_shoptagon
Depths:2: minmay_two_paths, grunt_pan_entry_in_and_out, minmay_misc_feat_rows,
          pf_coc_iceberg, hangedman_abyss_or_decor_jellyfish_corner,
          minmay_evil_grid
Depths:3: minmay_broken_ring, enter_ziggurat_c, hell_entry,
          grunt_decor_mini_mirrors, rand_demon_pan_entry_1,
          basic_stair_grate_trap, serial_bayou_shore_a
Depths:4: minmay_spiral_squares, abyss_entry, minmay_misc_feat_nine_boxes,
          hell_entry, infiniplex_staircase_pool_2, uniq_jorgrun
Depths:5: grunt_zot_entry_funnels, serial_sigils, serial_sigils_hangedman_snap,
          serial_sigils_hangedman_leer, serial_sigils_hangedman_gut,
          serial_sigils_hangedman_quiver, minmay_misc_feat_doors, hell_entry,
          rand_demon_pan_entry_7, kennysheep_four_rooms, serial_bayou_shore_b
Zot:1:    grunt_megastairs_3
Zot:2:    grunt_ministairs_2, st_single_dragon_hoard_2,
          hangedman_zot_decor_scrapings
Zot:3:    gammafunk_mikee_crab_dinner, st_stairs_13
Lab:      labyrinth_hidden_loot, nicolae_lab_plus
Bazaar:   bazaar_minmay_plants
Trove:    trove_jewel_1
IceCv:    ice_cave_tombish
Volcano:  volcano_aerie

Skill      XL: |  1  2  3  4  5  6  7  8  9 10 11 12 13 14 15 16 17 18 19 20 21 22 |
---------------+-------------------------------------------------------------------+-----
Conjurations   | 2 3 4 5 6 7 8 9 10 11 12 | 12.8
Summonings     | 2 3 4 5 6 7 8 9 10 11 12 | 12.8
Translocations | 2 3 4 5 6 7 8 9 10 11 12 | 12.8
Invocations    | 1 2 3 4 5 6 7 8 9 10 11 12 13 14 15 | 15.8
Fighting       | 1 2 3 4 5 6 7 8 9 10 11 12 13 14 | 14.6
Short Blades   | 1 2 3 4 5 6 7 8 9 10 11 12 13 14 | 14.6
Long Blades    | 1 2 3 4 5 6 7 8 9 10 11 12 13 14 | 14.6
Axes           | 1 2 3 4 5 6 7 8 9 10 11 13 14 15 16 17 | 17.0
Maces & Flails | 1 2 3 4 5 6 7 8 9 10 11 12 13 14 | 14.6
Polearms       | 1 2 3 4 5 6 7 8 9 10 11 12 13 14 | 14.6
Staves         | 1 2 3 4 5 6 7 8 9 10 11 12 13 14 | 14.6
Slings         | 1 2 3 4 5 6 7 8 9 10 11 12 13 14 | 14.6
Bows           | 1 2 3 4 5 6 7 8 9 10 11 13 14 15 16 17 | 17.0
Crossbows      | 1 2 3 4 5 6 7 8 9 10 11 12 13 14 | 14.6
Throwing       | 1 2 3 4 5 6 7 8 9 10 11 12 13 14 | 14.6
Armour         | 1 2 3 4 5 7 9 10 11 13 14 15 16 17 18 19 | 19.1
Shields        | 1 2 3 4 5 6 7 8 9 10 11 12 13 14 | 14.6
Unarmed Combat | 1 2 3 4 5 6 7 8 9 10 11 12 13 14 | 14.6
Evocations     | 1 2 3 4 5 6 7 8 9 10 11 12 13 14 | 14.6
Hexes          | 1 2 3 4 5 6 7 8 9 10 11 12 | 12.6
Charms         | 1 2 3 4 5 6 7 8 9 10 11 12 | 12.6
Necromancy     | 1 2 3 4 5 6 7 8 9 10 11 12 | 12.6
Transmutations | 1 2 3 4 5 6 7 8 9 10 11 12 | 12.6
Fire Magic     | 1 2 3 4 5 6 7 8 9 10 11 12 | 12.6
Ice Magic      | 1 2 3 4 5 6 7 8 9 10 11 12 | 12.6
Air Magic      | 1 2 3 4 5 6 7 8 9 10 11 12 | 12.6
Earth Magic    | 1 2 3 4 5 6 7 8 9 10 11 12 | 12.6
Poison Magic   | 1 2 3 4 5 6 7 8 9 10 11 12 | 12.6
Dodging        | 5 6 7 8 9 10 11 12 13 14 15 | 15.2
Stealth        | 5 6 7 8 9 10 11 12 13 14 15 | 15.1
Spellcasting   | 8 9 10 11 12 13 14 15 16 | 16.5

Action                   |  1- 3 |  4- 6 |  7- 9 | 10-12 | 13-15 | 16-18 | 19-21 | 22-24 || total
-------------------------+-------+-------+-------+-------+-------+-------+-------+-------++-------
Melee: Hand axe          |       |    13 |       |       |       |       |       |       ||    13
       Unarmed           |       |     4 |       |       |       |       |       |       ||     4
       Bite              |       |     5 |    31 |    34 |    38 |    79 |   161 |    61 ||   409
       Whip              |       |    30 |    18 |       |       |       |       |       ||    48
       Dagger            |       |       |   156 |   377 |   285 |    59 |       |       ||   877
       Demon trident     |       |       |       |       |       |   736 |   867 |    54 ||  1657
       Staff             |       |       |       |       |       |       |   508 |   414 ||   922
 Cast: Magic Dart        |    78 |    65 |   285 |   209 |     6 |    10 |       |       ||   653
       Call Imp          |       |     6 |     2 |     3 |       |       |       |       ||    11
       Conjure Flame     |       |     4 |    13 |    37 |    15 |       |       |       ||    69
       Mephitic Cloud    |       |     9 |    31 |    46 |    24 |     3 |     4 |       ||   117
       Blink             |       |       |     7 |    13 |     1 |     7 |     1 |     2 ||    31
       Vampiric Draining |       |       |     2 |     1 |       |       |       |       ||     3
       Bolt of Magma     |       |       |       |   133 |   102 |    13 |       |       ||   248
       Iron Shot         |       |       |       |     3 |   255 |   148 |    11 |       ||   417
       Orb of Destructio |       |       |       |       |    12 |    58 |     1 |       ||    71
       Spectral Weapon   |       |       |       |       |       |    77 |   104 |    31 ||   212
       Regeneration      |       |       |       |       |       |     4 |    48 |     6 ||    58
       Lee's Rapid Decon |       |       |       |       |       |     9 |    20 |       ||    29
       Passwall          |       |       |       |       |       |     5 |     1 |     2 ||     8
       Borgnjor's Vile C |       |       |       |       |       |     1 |    27 |    33 ||    61
       Ozocubu's Armour  |       |       |       |       |       |       |    13 |     1 ||    14
       Deflect Missiles  |       |       |       |       |       |       |       |     1 ||     1
Invok: Curse Item        |       |       |     2 |     1 |       |     1 |     3 |       ||     7
Evoke: Wand              |       |       |     3 |       |     2 |     5 |     6 |       ||    16
       Box of beasts     |       |       |       |       |       |     1 |       |       ||     1
  Use: Scroll            |       |       |    17 |     2 |     2 |    14 |    21 |     3 ||    59
       Potion            |       |       |     2 |     7 |     8 |     2 |    23 |     1 ||    43
 Stab: Sleeping          |       |     1 |     8 |     9 |    14 |    19 |    16 |     3 ||    70
       Confused          |       |     1 |    17 |    36 |    26 |     1 |       |       ||    81
       Distracted        |       |       |     1 |       |     2 |    18 |    29 |    18 ||    68
       Invisible         |       |       |       |       |       |     4 |    10 |       ||    14
       Held in net/web   |       |       |       |       |       |       |     1 |       ||     1
       Paralysed         |       |       |       |       |       |       |    20 |       ||    20
  Eat: Chunk             |       |     4 |    18 |    44 |    77 |    51 |    15 |     6 ||   215
       Ration            |       |       |       |     2 |    12 |     7 |     6 |     2 ||    29
Armor: Robe              |     3 |    10 |    28 |    26 |    38 |   123 |   194 |    73 ||   495
       Troll leather arm |       |       |       |    36 |       |       |       |       ||    36
       Skin              |       |       |       |     7 |     3 |       |       |       ||    10
Dodge: Dodged            |    15 |    45 |   169 |   217 |   163 |   369 |   570 |   221 ||  1769
       Deflected         |       |       |     2 |     7 |    12 |    18 |    42 |    25 ||   106
Block: Shield            |       |       |       |   291 |   210 |   610 |  1134 |   481 ||  2726
       Reflection        |       |       |       |       |       |     2 |   116 |    48 ||   166

Table legend:
 A = Spawn XP
 B = Non-spawn XP
 C = Spawn XP percentage of total XP
 D = Spawn monster count
 E = Non-spawn monster count
 F = Spawn count percentage of total count
 G = Total turns spent on level
                    A         B        C        D         E        F      G
               +---------+---------+-------+---------+---------+-------+---------
         Total |   11971 |  692195 |   1.7 |      20 |    1482 |   1.3 | 52196
               +---------+---------+-------+---------+---------+-------+---------
           D:1 |       0 |      73 |   0.0 |       0 |      38 |   0.0 |   938
           D:2 |       0 |      78 |   0.0 |       0 |      23 |   0.0 |  1124
           D:3 |       0 |     283 |   0.0 |       0 |      31 |   0.0 |  1064
           D:4 |       0 |     740 |   0.0 |       0 |      24 |   0.0 |  1511
           D:5 |       0 |     758 |   0.0 |       0 |      29 |   0.0 |  1247
           D:6 |       0 |     404 |   0.0 |       0 |       7 |   0.0 |   630
           D:7 |       0 |    1428 |   0.0 |       0 |      35 |   0.0 |  1563
           D:8 |       0 |    5325 |   0.0 |       0 |      45 |   0.0 |  1952
           D:9 |       0 |    5595 |   0.0 |       0 |      47 |   0.0 |  1400
          D:10 |       0 |    6636 |   0.0 |       0 |      27 |   0.0 |  1419
          D:11 |       0 |    3092 |   0.0 |       0 |      17 |   0.0 |   781
          D:12 |       0 |    6102 |   0.0 |       0 |      32 |   0.0 |  2026
          D:13 |       0 |    9047 |   0.0 |       0 |      38 |   0.0 |  1887
          D:14 |       0 |   12373 |   0.0 |       0 |      36 |   0.0 |  2207
          D:15 |       0 |   17119 |   0.0 |       0 |      35 |   0.0 |  2343
        Lair:1 |       0 |    4336 |   0.0 |       0 |      15 |   0.0 |  1222
        Lair:2 |       0 |    5584 |   0.0 |       0 |      23 |   0.0 |  1129
        Lair:3 |       0 |     888 |   0.0 |       0 |       6 |   0.0 |   317
        Lair:4 |       0 |    3340 |   0.0 |       0 |      13 |   0.0 |   211
       Swamp:1 |       0 |    5982 |   0.0 |       0 |      14 |   0.0 |   586
       Swamp:2 |       0 |    2078 |   0.0 |       0 |       9 |   0.0 |   112
       Swamp:3 |       0 |    8190 |   0.0 |       0 |      30 |   0.0 |   574
       Swamp:4 |       0 |   19397 |   0.0 |       0 |      35 |   0.0 |   725
      Spider:1 |       0 |   15095 |   0.0 |       0 |      45 |   0.0 |   327
      Spider:2 |       0 |     301 |   0.0 |       0 |       1 |   0.0 |    29
      Spider:3 |       0 |    6972 |   0.0 |       0 |      18 |   0.0 |   172
      Spider:4 |       0 |   36756 |   0.0 |       0 |      86 |   0.0 |  1014
         Orc:1 |       0 |    1838 |   0.0 |       0 |      15 |   0.0 |   800
         Orc:2 |       0 |   12518 |   0.0 |       0 |     104 |   0.0 |  5048
         Elf:1 |       0 |   24447 |   0.0 |       0 |      29 |   0.0 |  1848
         Elf:2 |       0 |   46656 |   0.0 |       0 |      73 |   0.0 |  2320
         Elf:3 |       0 |   63524 |   0.0 |       0 |      47 |   0.0 |  2423
      Vaults:1 |       0 |    5410 |   0.0 |       0 |      10 |   0.0 |   394
      Vaults:2 |       0 |   11170 |   0.0 |       0 |       9 |   0.0 |   142
      Vaults:3 |       0 |   49227 |   0.0 |       0 |      72 |   0.0 |   864
      Vaults:4 |       0 |   58211 |   0.0 |       0 |      65 |   0.0 |  2270
      Vaults:5 |       0 |  103368 |   0.0 |       0 |      96 |   0.0 |  2400
      Depths:1 |       0 |    2482 |   0.0 |       0 |       5 |   0.0 |    47
      Depths:2 |       0 |    7986 |   0.0 |       0 |      13 |   0.0 |   212
      Depths:3 |       0 |    3150 |   0.0 |       0 |       6 |   0.0 |   115
      Depths:4 |       0 |    1032 |   0.0 |       0 |       1 |   0.0 |    73
      Depths:5 |       0 |   24371 |   0.0 |       0 |      23 |   0.0 |   564
         Zot:1 |       0 |   19205 |   0.0 |       0 |       9 |   0.0 |   282
         Zot:3 |       0 |    9340 |   0.0 |       0 |       4 |   0.0 |   172
       Abyss:2 |   11971 |    2747 |  81.3 |      20 |       4 |  83.3 |   634
           Lab |       0 |    1621 |   0.0 |       0 |       2 |   0.0 |   240
         IceCv |       0 |   10285 |   0.0 |       0 |      26 |   0.0 |   969
       Volcano |       0 |    4116 |   0.0 |       0 |      10 |   0.0 |   110
    Desolation |       0 |   51519 |   0.0 |       0 |     100 |   0.0 |  1292
               +---------+---------+-------+---------+---------+-------+---------
